 Dungeon Crawl Stone Soup version 0.25-a0-780-g622e69b (webtiles) character file.

Game seed: 9978054773342487303, levelgen mode: deterministic

11 robertstho the Skirmisher (level 2, -6/26 HPs)
             Began as a Ghoul Fighter on Apr 14, 2020.
             Mangled by a gnoll
             ... wielding a +0 halberd
              (14 damage)
             ... on level 1 of the Dungeon.
             The game lasted 00:00:15 (75 turns).

robertstho the Skirmisher (Ghoul Fighter)             Turns: 75, Time: 00:00:16

Health: -6/26      AC:  6    Str: 19    XL:     2   Next: 25%
Magic:  1/1        EV:  7    Int:  3    God:
Gold:   0          SH:  8    Dex:  8    Spells: 1/1 levels left

rFire    . . .     SeeInvis .     - Unarmed
rCold    + . .     Gourm    .   b - +0 kite shield
rNeg     + + +     Faith    .   a - +0 scale mail
rPois    ∞         Spirit   .   (no helmet)
rElec    .         Reflect  .   (no cloak)
rCorr    .         Harm     .   (no gloves)
MR       .....                  (no boots)
Stlth    ..........             (no amulet)
HPRegen  0.00/turn              (no ring)
MPRegen  0.07/turn              (no ring)

@: rotting
A: rotting body, claws 1, carnivore, cold resistance 1, negative energy
resistance 3, inhibited regeneration, torment resistance, unbreathing
a: no special abilities


You were on level 1 of the Dungeon.
You were not hungry.

You visited 1 branch of the dungeon, and saw 1 of its levels.

Inventory:

Armour
 a - a +0 scale mail (worn)
 b - a +0 kite shield (worn)
Potions
 c - a potion of might
Comestibles
 d - 2 rations
 f - 5 chunks of flesh


   Skills:
 * Level 3.3 Fighting
 * Level 2.9 Armour
 + Level 3.0 Shields
 * Level 2.3 Unarmed Combat


You had one spell level left.
You didn't know any spells.
Your spell library was empty.

Dungeon Overview and Level Annotations

Branches:
Dungeon (1/15)

Altars:


Innate Abilities, Weirdness & Mutations

Your body is rotting away.
You thrive on raw meat.
You are immune to poison.
You have sharp fingernails.
You are carnivorous and can eat meat at any time.
Your flesh is cold resistant. (rC+)
You are immune to negative energy. (rN+++)
You do not regenerate when monsters are visible.
You are immune to unholy pain and torment.
You can survive without breathing.


Message History

You scratch the leopard gecko.
The leopard gecko is heavily wounded.
You block the leopard gecko's attack.
You scratch the leopard gecko.
You kill the leopard gecko!
Your Shields skill increases to level 3!
The gnoll hits you from afar with a +0 halberd.
The rat closely misses you. You block the gnoll's attack.
Items here: $ ††† 16 gold pieces; a leopard gecko corpse; a giant cockroach corpse a kobold corpse You scratch the gnoll.
The gnoll is moderately wounded.
The gnoll barely misses you. You block the rat's attack.
You scratch the gnoll but do no damage.
The gnoll is moderately wounded.
The rat bites you. The gnoll hits you with a +0 halberd!
Ouch! That really hurt!
You die...

...... ....
.... ... #..
#.# #g#
#####@##
#....r.###
#....(...# #
###......#.##.#
#......(......#
#%..?..(.......
#......(..#####
######+#......+
..
#...#.######...


You could see a gnoll and a rat.

Vanquished Creatures
  A leopard gecko (D:1)
  A ball python (D:1)
  A giant cockroach (D:1)
  A hobgoblin (D:1)
  2 jackals (D:1)
  A kobold (D:1)
  2 rats (D:1)
9 creatures vanquished.

Notes
Turn   | Place    | Note
-------+----------+-------------------------------------------
     0 | D:1      | robertstho the Ghoul Fighter began the quest for the Orb.
     0 | D:1      | Reached XP level 1. HP: 19/19 MP: 0/0
    68 | D:1      | Reached XP level 2. HP: 12/26 MP: 1/1
    75 | D:1      | Mangled by a gnoll

Levels and vault maps discovered:
D:1:      tarquinn_simple_flora_water_b, layout_basic

Skill      XL: |  1  2 |
---------------+-------+-----
Shields        | 3 |  3.0
Fighting       | |  3.3
Armour         | |  2.9
Unarmed Combat | |  2.3

Action                   || total
-------------------------++-------
Melee: Unarmed           ||    31
Armor: Scale mail        ||    12
Dodge: Dodged            ||    13
Block: Kite shield       ||    20

Table legend:
 A = Non-vault XP
 B = Vault XP
 C = Vault XP percentage of total XP
 D = Non-vault monster count
 E = Vault monster count
 F = Vault count percentage of total count
                 A         B        C        D         E       F
            +---------+---------+-------+---------+---------+-------
      Total |      16 |       0 |   0.0 |       9 |       0 |   0.0
            +---------+---------+-------+---------+---------+-------
        D:1 |      16 |       0 |   0.0 |       9 |       0 |   0.0
            +---------+---------+-------+---------+---------+-------
